 Dungeon Crawl Stone Soup version 0.27.0-1-g7a089689b8 (webtiles) character file.

Game seed: 16220847406920481153

3 Crownlay the Bolt Thrower (level 1, -1/12 HPs)
             Began as a Kobold Hunter on Aug 12, 2021.
             Slain by a ball python (3 damage)
             ... on level 1 of the Dungeon.
             The game lasted 00:00:41 (114 turns).

Crownlay the Bolt Thrower (Kobold Hunter)            Turns: 114, Time: 00:00:42

Health: -1/12      AC:  3    Str:  9    XL:     1   Next: 55%
Magic:  1/1        EV: 14    Int: 12    God:
Gold:   15         SH:  0    Dex: 15    Spells: 0/0 levels left

rFire    . . .     SeeInvis .   b - +0 short sword
rCold    . . .     Faith    .   (shield restricted)
rNeg     . . .     Spirit   .   c - +0 leather armour
rPois    .         Reflect  .   (no helmet)
rElec    .         Harm     .   (no cloak)
rCorr    .         Rampage  .   (no gloves)
Will     .....                  (no boots)
Stlth    +++.......             (no amulet)
HPRegen  0.04/turn              (no ring)
MPRegen  0.07/turn              (no ring)

@: no status effects
A: small, no large weapons, nightstalker 3
a: no special abilities


You were on level 1 of the Dungeon.
You visited 1 branch of the dungeon, and saw 1 of its levels.

You collected 15 gold pieces.

Inventory:

Hand Weapons
 a - a +1 hand crossbow
 b - a +0 short sword (weapon)
Missiles
 d - 20 bolts
Armour
 c - a +0 leather armour (worn)
Scrolls
 e - a scroll of magic mapping {unknown}


   Skills:
 - Level 2.1 Fighting
 - Level 4.8 Crossbows
 - Level 2.4 Dodging
 + Level 2.2 Stealth


You couldn't memorise any spells.
You didn't know any spells.
Your spell library was empty.

Dungeon Overview and Level Annotations

Branches:
Dungeon (1/15)

Altars:


Innate Abilities, Weirdness & Mutations

You are small and have problems with some larger weapons.
You are completely attuned to the shadows.


Message History

The ball python bites you. The ball python constricts you.
The jackal barely misses you.
A jackal comes into view.
The jackal barely misses you.
The jackal bites you but does no damage.
You hit the ball python but do no damage.
The ball python closely misses you. The ball python constricts you.
The jackal barely misses you. x3
The jackal bites you but does no damage.
The ball python bites you. The ball python constricts you.
You escape the ball python's grasp.
The jackal completely misses you. The jackal closely misses you.
The jackal barely misses you.
The jackal bites you but does no damage.
The jackal barely misses you. x2; The ball python barely misses you. x2
The jackal closely misses you.
A jackal comes into view.
The jackal bites you but does no damage.
The jackal bites you.
You closely miss the jackal.
The jackal barks!
You hear a shout!
The jackal bites you.
You hit the jackal.
You kill the jackal!
Your Stealth skill increases to level 2!
You hit the jackal.
The jackal is severely wounded.
The jackal barely misses you.
You hit the jackal.
The jackal is almost dead.
A kobold comes into view. It is wielding a +0 short sword.
The jackal barely misses you.
You barely miss the jackal.
The jackal is almost dead.
The jackal barely misses you. The jackal bites you.
* * * LOW HITPOINT WARNING * * *
You hit the jackal.
You kill the jackal!
The ball python bites you.
You die...

...##.. ....#.###.##.....#
........#.##.....#
#.........##.....#
#....)....##.....###
#######...................
......#...................
......#.....###hK..$###.##
......#......@Sh##### (#
......##....###h... .
.........####8####.
####.#####.......## #.#
##.#######.##
#.###.##.....##.##
#..#.##.#####.##.#
#...##.##...##.#.#
#...#.##.###.#.#.##


You could see 3 jackals, a ball python and a kobold.

Vanquished Creatures
  2 jackals (D:1)
  A kobold (D:1)
  A rat (D:1)
4 creatures vanquished.

Notes
Turn   | Place    | Note
-------+----------+-------------------------------------------
     0 | D:1      | Crownlay the Kobold Hunter began the quest for the Orb.
     0 | D:1      | Reached XP level 1. HP: 12/12 MP: 1/1
   114 | D:1      | Slain by a ball python

Illustrated notes

Levels and vault maps discovered:
D:1:      nagdon_arrival_double_spiral, layout_basic

Skill      XL: |  1 |
---------------+----+-----
Stealth        | 2 |  2.2
Fighting       | |  2.1
Crossbows      | |  4.8
Dodging        | |  2.4

Action                   || total
-------------------------++-------
Melee: Short sword       ||    12
 Stab: Sleeping          ||     1
Armor: Leather armour    ||     7
Dodge: Dodged            ||    24
